 Dungeon Crawl Stone Soup version 0.31-a0-200-gbc41564c69 (webtiles) character file.

Game seed: 7865975970238656322

42 qw the Shooter (level 3, -3/20 HPs)
             Began as a Deep Elf Hunter on June 25, 2023.
             Slain by an adder (4 damage)
             ... on level 2 of the Dungeon.
             The game lasted 00:00:20 (734 turns).

qw the Shooter (Deep Elf Hunter)                     Turns: 734, Time: 00:00:21

Health: -3/20      AC:  5    Str: 10    XL:     3   Next: 35%
Magic:  5/5        EV: 11    Int: 13    God:
Gold:   34         SH:  0    Dex: 18    Spells: 2/2 levels left

rFire   . . .        Y - +0 shortbow
rCold   . . .        (shield currently unavailable)
rNeg    . . .        i - +0 ring mail
rPois   .            (no helmet)
rElec   .            (no cloak)
rCorr   .            (no gloves)
SInv    .            (no boots)
Will    .....        (no amulet)
Stlth   +            (no ring)
HPRegen 0.23/turn    (no ring)
MPRegen 0.09/turn

%: no passive effects
@: lethally poisoned (-3 -> -9)
A: no striking features
a: no special abilities


You were on level 2 of the Dungeon.
You visited 1 branch of the dungeon, and saw 2 of its levels.

You collected 34 gold pieces.


   Skills:
 - Level 1.5 Fighting
 + Level 6.9 Ranged Weapons
 - Level 2.4 Dodging
 - Level 1.2 Stealth


You had 2 spell levels left.
You didn't know any spells.
Your spell library was empty.

Inventory:

Hand Weapons
 Y - a +0 shortbow (weapon)
Armour
 i - a +0 ring mail (worn)
Potions
 d - a potion of might {unknown}
 e - a potion of haste {unknown}
 h - a potion of enlightenment {unknown}

Dungeon Overview and Level Annotations

Branches:
Dungeon (2/15)

Altars:

Annotations:
D:2 Jessica


Message History

You feel sick. The adder barely misses you.
Jessica casts a spell.
Jessica blinks!
A jackal comes into view.
The adder barely misses you.
You shoot an arrow. The arrow barely misses the adder.
The arrow hits the jackal.
You kill the jackal!
You feel sick. The adder barely misses you.
You shoot an arrow. The arrow closely misses the adder.
The arrow hits the goblin.
You kill the goblin!
You feel sick.
You are no longer poisoned.
The adder bites you. x2
You are poisoned.
The adder poisons you!
You shoot an arrow. The arrow misses the adder.
The arrow hits the jackal.
The jackal is almost dead.
You feel sick.
The adder bites you but does no damage. x2
You shoot an arrow. The arrow misses the adder.
The arrow closely misses the jackal.
You feel sick. The adder bites you.
You shoot an arrow. The arrow barely misses the adder.
The arrow closely misses the jackal.
The arrow hits Jessica!
Jessica is severely wounded.
You feel sick. The adder bites you but does no damage.
The adder closely misses you.
You shoot an arrow. The arrow closely misses the adder.
The arrow hits the jackal.
You kill the jackal!
You feel sick.
You are no longer poisoned.
The adder bites you but does no damage.
You shoot an arrow. The arrow hits the adder.
The adder is almost dead.
The adder bites you.
You are lethally poisoned!
The adder poisons you! The adder bites you.
You die...

#########
#.......#
#.#####.# # #.#
#.#
....#####.#####.#
.....@S@).....>.#
#####
....##########..#
#... . #..# ...#
#/.# ...#
#..###..#
#.......###
#.###.....#
#.##...##.#
###.##..##


You could see an adder and Jessica.

Vanquished Creatures
  A worm (D:2)
  A dart slug (D:1)
  2 endoplasms (D:1)
  2 giant cockroaches
  A goblin (D:2)
  3 hobgoblins (D:1)
  9 jackals
  2 quokkas (D:1)
  A ball python (D:1)
  4 frilled lizards
  4 kobolds
  4 rats
34 creatures vanquished.

Notes
Turn   | Place    | Note
-------+----------+-------------------------------------------
     0 | D:1      | qw the Deep Elf Hunter began the quest for the Orb.
     0 | D:1      | Reached XP level 1. HP: 12/12 MP: 3/3
     0 | D:1      | 0 ||| qw: Version: 0.3-a-22-g0ed2b0b
     0 | D:1      | 0 ||| qw: Game counter: 5664
     0 | D:1      | 0 ||| qw: Melee chars always use a shield: true
     0 | D:1      | 0 ||| qw: God list: Okawaru
     0 | D:1      | 0 ||| qw: Allow faded altars: false
     0 | D:1      | 0 ||| qw: Do Orc after clearing Dungeon:15 true
     0 | D:1      | 0 ||| qw: Do second Lair branch before Depths: true
     0 | D:1      | 0 ||| qw: Lair rune preference: random
     0 | D:1      | 0 ||| qw: Goals: Normal
     0 | D:1      | 0 ||| PLANNING D:1-11
   154 | D:1      | Reached skill level 6 in Ranged Weapons
   154 | D:1      | Reached XP level 2. HP: 16/16 MP: 4/4
   564 | D:1      | Reached XP level 3. HP: 20/20 MP: 5/5
   613 | D:1      | 613 ||| UPGRADING to +0 ring mail.
   623 | D:1      | 623 ||| DROPPING +0 leather armour.
   624 | D:1      | 624 ||| READING scroll labelled BETOETO XUIF.
   625 | D:1      | 625 ||| READING scroll labelled ONEX JUJICHOKH.
   626 | D:1      | 626 ||| DROPPING scroll of butterflies.
   715 | D:2      | Noticed Jessica
   731 | D:2      | HP: 5/20 [adder (1)]
   734 | D:2      | HP: 1/20 [adder (3)]
   734 | D:2      | Slain by an adder

Levels and vault maps discovered:
D:1:      dpeg_arrival_arbitrary_b, layout_loops_ring, dk_noncrumbling_4
D:2:      layout_basic, shapermc_ecumenical_altar_mp_vishouse, uniq_jessica

Skill      XL: |  1 |
---------------+----+-----
Ranged Weapons | 6 |  6.9
Fighting       | |  1.5
Dodging        | |  2.4
Stealth        | |  1.2

Action                     || total
---------------------------++-------
   Fire: Shortbow          ||    86
    Use: Scroll            ||     2
 Armour: Leather armour    ||     6
         Ring mail         ||     4
  Dodge: Dodged            ||    19

Table legend:
 A = Non-vault XP
 B = Vault XP
 C = Vault XP percentage of total XP
 D = Non-vault monster count
 E = Vault monster count
 F = Vault count percentage of total count
                 A         B        C        D         E       F
            +---------+---------+-------+---------+---------+-------
      Total |      61 |       0 |   0.0 |      34 |       0 |   0.0
            +---------+---------+-------+---------+---------+-------
        D:1 |      41 |       0 |   0.0 |      24 |       0 |   0.0
        D:2 |      20 |       0 |   0.0 |      10 |       0 |   0.0
            +---------+---------+-------+---------+---------+-------
